 Dungeon Crawl Stone Soup version 0.27.1-33-g824d729ab1 (webtiles) character file.

Game seed: 1495724162575806271

101 spaced the Cudgeller (level 4, -4/29 HPs)
             Began as a Gargoyle Monk on Nov 26, 2021.
             Was a Believer of Lugonu.
             Killed by nerve-wracking pain
             ... invoked by Grinder
              (6 damage)
             ... on level 3 of the Dungeon.
             The game lasted 00:06:10 (2088 turns).

spaced the Cudgeller (Gargoyle Monk)                Turns: 2088, Time: 00:06:11

Health: -4/29      AC: 12    Str: 15    XL:     4   Next: 75%
Magic:  4/4        EV: 11    Int: 11    God:    Lugonu [**....]
Gold:   78         SH:  0    Dex: 12    Spells: 3/3 levels left

rFire    . . .     SeeInvis .   a - +0 mace
rCold    . . .     Faith    .   (no shield)
rNeg     + . .     Spirit   .   i - +3 ring mail {rPois}
rPois    ∞         Reflect  .   d - +0 helmet
rElec    +         Harm     .   (no cloak)
rCorr    .         Rampage  .   (no gloves)
Will     .....                  (no boots)
Stlth    +.........             (no amulet)
HPRegen  0.09/turn              (no ring)
MPRegen  0.09/turn              (no ring)

@: no status effects
A: sickness immunity, AC +3, negative energy resistance 1, electricity
resistance, torment resistance 1, petrification resistance
a: Renounce Religion, Depart the Abyss, Bend Space


You were on level 3 of the Dungeon.
You worshipped Lugonu.
Lugonu was pleased with you.
You visited 1 branch of the dungeon, and saw 3 of its levels.
You visited the Abyss 1 time.

You collected 78 gold pieces.

Inventory:

Hand Weapons
 a - a +0 mace (weapon)
 g - a +2 dagger of distortion
 j - a +2 whip of draining
Missiles
 e - a throwing net (quivered)
Armour
 b - a +0 robe
 d - a +0 helmet (worn)
 i - a +3 ring mail of poison resistance (worn)
Wands
 k - a wand of iceblast (9)
Scrolls
 f - 4 scrolls of identify {unknown}
Potions
 c - a potion of flight {unknown}
 h - a potion of curing {unknown}


   Skills:
 + Level 3.8 Fighting
 + Level 4.1 Maces & Flails
 + Level 0.5 Armour
 + Level 3.0 Dodging
 + Level 2.9 Stealth


You had 3 spell levels left.
You didn't know any spells.
Your spell library contained the following spells:

 Spells                   Type           Power      Damage    Failure   Level
 Shock                    Conj/Air       0%         1d3       56%         1
 Swiftness                Air            0%         N/A       91%         3
 Airstrike                Air            0%         N/A       100%        4


Dungeon Overview and Level Annotations

Branches:
Dungeon (3/15)

Altars:
Kikubaaqudgha

Annotations:
D:3 Grinder


Innate Abilities, Weirdness & Mutations

You are immune to sickness and miasma.
Your stone body is resilient. (AC +3)
You are immune to poison.
You resist negative energy. (rN+)
You are resistant to electric shocks. (rElec)
You are resistant to unholy torment.
You are immune to petrification.


Message History

Grinder hits you.
You writhe in agony.
You closely miss Grinder.
Grinder is moderately wounded.
Grinder hits you.
You writhe in agony.
You hit Grinder but do no damage.
Grinder is moderately wounded.
Grinder barely misses you.
You closely miss Grinder.
Grinder is lightly wounded.
Grinder barely misses you. Grinder hits you but does no damage.
You hit Grinder.
Grinder is moderately wounded.
Grinder closely misses you.
You closely miss Grinder.
Grinder is moderately wounded.
Grinder hits you.
You writhe in agony.
You barely miss Grinder.
Grinder is moderately wounded.
Grinder hits you but does no damage.
You closely miss Grinder.
Grinder is moderately wounded.
Grinder completely misses you.
You hit Grinder.
Grinder is moderately wounded.
Grinder gestures at you. Pain shoots through your body!
Grinder gestures at you. Pain shoots through your body!
* * * LOW HITPOINT WARNING * * *
You barely miss Grinder.
Grinder is moderately wounded.
Grinder hits you.
* * * LOW HITPOINT WARNING * * *
You writhe in agony.
* * * LOW HITPOINT WARNING * * *
You hit Grinder.
Grinder is moderately wounded.
Grinder gestures at you. Pain shoots through your body!
You die...

..#.#..#.##.## .
.
#..........#....#
######..........#
##..###....# #..#
....# #..###..##
#........#
#..##..#..#
#..5@.##
#......###
.......#
....#.#.)
......#...
§§§........ .§.
.. .≈. ..


You could see Grinder.

Vanquished Creatures
  Jessica (D:2)
  A gnoll (D:1)
  2 worms (D:2)
  A dart slug (D:2)
  5 ball pythons
  7 endoplasms (D:1)
  6 giant cockroaches
  5 hobgoblins
  3 kobolds
  4 quokkas
  6 bats
  2 frilled lizards
  5 goblins
  3 rats
51 creatures vanquished.

Notes
Turn   | Place    | Note
-------+----------+-------------------------------------------
     0 | D:1      | spaced the Gargoyle Monk began the quest for the Orb.
     0 | D:1      | Reached XP level 1. HP: 14/14 MP: 1/1
   105 | D:1      | Reached XP level 2. HP: 12/19 MP: 2/2
   425 | D:1      | Reached XP level 3. HP: 24/24 MP: 3/3
   981 | D:2      | Noticed Jessica
   995 | D:2      | Killed Jessica
   996 | D:2      | Reached XP level 4. HP: 22/29 MP: 4/4
  1001 | D:2      | Cast into level 1 of the Abyss (goblin)
  1001 | Abyss:1  | Found a corrupted altar of Lugonu.
  1010 | Abyss:1  | Became a worshipper of Lugonu the Unformed
  1010 | Abyss:1  | Reached * piety under Lugonu
  1010 | Abyss:1  | Reached ** piety under Lugonu
  1071 | Abyss:1  | Noticed a tentacled starspawn
  1072 | D:2      | Escaped the Abyss
  1074 | D:2      | Found a faded altar of an unknown god.
  1080 | D:2      | Found an ancient bone altar of Kikubaaqudgha.
  1355 | D:2      | Reached skill level 4 in Maces & Flails
  2058 | D:3      | Noticed Grinder
  2068 | D:3      | Paralysed by Grinder for 4 turns
  2088 | D:3      | Killed from afar by Grinder

Illustrated notes

Levels and vault maps discovered:
D:1:      nagdon_arrival_double_spiral, layout_loops_ring
D:2:      layout_rooms, basic_altar, basic_ecumenical_altar, uniq_jessica
D:3:      layout_rooms, mainiacjoe_overflow_concentric_impassable, serial_shops,
          nicolae_lakefront_shop, minmay_pentomino_pile, uniq_natasha,
          uniq_grinder, uniq_terence

Skill      XL: |  1  2  3  4 |
---------------+-------------+-----
Dodging        | 3 |  3.0
Maces & Flails | 4 |  4.1
Fighting       | |  3.8
Armour         | |  0.5
Stealth        | |  2.9

Action                   |  1- 3 |  4- 6 || total
-------------------------+-------+-------++-------
Melee: Mace              |    63 |   114 ||   177
Invok: Depart the Abyss  |       |     1 ||     1
       Bend Space        |       |     1 ||     1
 Stab: Sleeping          |     6 |       ||     6
       Distracted        |       |     1 ||     1
Armor: Robe              |    20 |    14 ||    34
       Ring mail         |       |    85 ||    85
Dodge: Dodged            |    44 |   104 ||   148
